 Dungeon Crawl Stone Soup version 0.15.2 (webtiles) character file.

264 bullock the Ruinous (level 6, -1/32 HPs)
             Began as a Gargoyle Wizard on Nov 22, 2014.
             Slain by a centaur (6 damage)
             ... on Level 4 of the Dungeon.
             The game lasted 00:09:45 (3495 turns).

bullock the Ruinous (Gargoyle Wizard)               Turns: 3495, Time: 00:09:45

HP  -1/32        AC  8     Str 10      XL: 6   Next: 19%
MP   2/15        EV 10     Int 26      God:
Gold 169         SH  0     Dex  6 (8)  Spells:  3 memorised,  9 levels left

rFire  . . .     SeeInvis .     x - -2 dagger (curse)
rCold  . . .     Clarity  .     j - +0 leather armour
rNeg   + . .     rCorr    .     (no shield)
rPois  +         rRot     +     b - +0 hat
rElec  +         Spirit   .     (no cloak)
SustAb .         Warding  .     f - +0 pair of gloves
rMut   .         Stasis   .     (no boots)
Gourm  .                        (no amulet)
MR     .....                    (no ring)
                                (no ring)

@: confused, brilliant, flying, very slightly contaminated, repel missiles, not
resistant to hostile enchantments, very unstealthy
A: negative energy resistance 1, electricity resistance, unbreathing,
petrification resistance, rot immunity, AC +4
a: no special abilities


You were on level 4 of the Dungeon.
You were not hungry.

You visited 1 branch of the dungeon, and saw 4 of its levels.

You collected 169 gold pieces.

Inventory:

Hand weapons
 k - a +0 whip
 x - a cursed -2 dagger (weapon)
Armour
 a - a +0 robe
 b - a +0 hat (worn)
 f - a +0 pair of gloves (worn)
 j - a +0 leather armour (worn)
Comestibles
 d - 3 bread rations
 l - a fruit
 s - a meat ration
Scrolls
 e - 4 scrolls of remove curse {unknown}
 g - 2 scrolls of fog {unknown}
 m - 3 scrolls of teleportation {unknown}
 n - a scroll of magic mapping {unknown}
 o - a scroll of enchant armour {unknown}
 p - 3 scrolls of identify {unknown}
 q - 2 scrolls of recharging {unknown}
Potions
 r - a potion of brilliance
 t - a potion of mutation
 v - a potion of curing {unknown}
 w - a potion of restore abilities {unknown}
 z - a potion of haste {unknown}
Books
 c - a book of Minor Magic

   Spells                             Type                      Level
   *Magic Dart                        Conjuration                  1
   *Blink                             Translocation                2
   Call Imp                           Summoning                    2
   *Repel Missiles                    Charms/Air                   2
   Slow                               Hexes                        2
   Conjure Flame                      Conjuration/Fire             3
   Mephitic Cloud                     Conjuration/Poison/Air       3


   Skills:
 - Level 1.5 Dodging
 - Level 2.1 Stealth
 + Level 4.5 Spellcasting
 * Level 5.1 Conjurations
   Level 0.8 Summonings
 - Level 0.8 Translocations


You had 9 spell levels left.
You knew the following spells:

 Your Spells              Type           Power        Failure   Level  Hunger
a - Magic Dart            Conj           ####         1%          1    None
q - Blink                 Tloc           N/A          1%          2    None
v - Repel Missiles        Chrm/Air       ###...       1%          2    None


Dungeon Overview and Level Annotations

Branches:
Dungeon (4/15)
 Temple: D:4-7

Altars:
Ashenzari
Kikubaaqudgha
Okawaru


Innate Abilities, Weirdness & Mutations

You are resistant to torment.
You are immune to poison.
Your stone body is very resilient (AC +4).
You resist negative energy.
You are resistant to electric shocks.
You can survive without breathing.
You are immune to petrification.
You are immune to rotting.


Message History

Drink which item? (? for menu, Esc to quit)
There was something very wrong with that liquid!
You feel clumsy.
It was a potion of degeneration.
The centaur hits you.
* * * LOW HITPOINT WARNING * * *
The centaur barely misses you. The hobgoblin closely misses you.
You're too confused to cast spells.
Drink which item? (? for menu, Esc to quit)
Okay, then.
Drink which item? (? for menu, Esc to quit)
You feel very buoyant.
You fly up into the air.
It was a potion of flight.
The centaur closely misses you.
The hobgoblin hits you but does no damage.
Drink which item? (? for menu, Esc to quit)
It has a very clean taste.
Your wings shrivel and weaken.
You feel clever.
Your large bone plates disappear.
It was a potion of cure mutation.
The centaur hits you.
You die...

##...#.##..###.# ###
..............#.....
..###..............#
............#.#.#.# .
#.(..........#.#
....)#.(............##
...............(.......#
...##..##.gc..(........ .
#.. #..@#########.# #..
#...# #g. #...# ... #...#
.... ##.c #...# #..... ...
#...#
#....###.#..##...#######
#........................
......##.#..#....##########


You could see a centaur and a hobgoblin.

Vanquished Creatures
  2 vampire bats (D:3)
  A worker ant (D:3)
  8 adders
  2 worms
  A giant gecko (D:1)
  3 oozes (D:1)
  An orc (D:3)
  A ball python (D:1)
  2 bat skeletons (D:3)
  3 bat zombies (D:3)
  8 goblins
  9 hobgoblins
  4 jackals
  7 bats
  5 giant cockroaches
  3 giant newts
  5 kobolds
  11 rats
  A rat skeleton (D:1)
77 creatures vanquished.

Notes
Turn   | Place    | Note
--------------------------------------------------------------
     0 | D:1      | bullock, the Gargoyle Wizard, began the quest for the Orb.
     0 | D:1      | Reached XP level 1. HP: 10/10 MP: 4/4
   407 | D:1      | Reached XP level 2. HP: 15/15 MP: 1/6
   465 | D:1      | Learned a level 2 spell: Blink
   468 | D:1      | Learned a level 2 spell: Repel Missiles
  1003 | D:1      | Found a shattered altar of Ashenzari.
  1029 | D:1      | Reached XP level 3. HP: 19/19 MP: 0/8
  1863 | D:2      | Reached XP level 4. HP: 24/24 MP: 6/10
  2640 | D:3      | Reached skill level 4 in Conjurations
  2721 | D:3      | Reached XP level 5. HP: 28/28 MP: 7/12
  2781 | D:3      | Found an iron altar of Okawaru.
  3099 | D:3      | Found an ancient bone altar of Kikubaaqudgha.
  3194 | D:3      | Reached skill level 5 in Conjurations
  3194 | D:3      | Reached XP level 6. HP: 29/32 MP: 8/15
  3492 | D:4      | Gained mutation: You are partially covered in large bone plates (AC +2, SH +2). [potion of mutation]
  3492 | D:4      | Gained mutation: You are dopey. (Int -2) [potion of mutation]
  3492 | D:4      | Gained mutation: Your wings are large and strong. [potion of mutation]
  3495 | D:4      | Lost mutation: Your wings are large and strong. [potion of cure mutation]
  3495 | D:4      | Lost mutation: You are dopey. (Int -2) [potion of cure mutation]
  3495 | D:4      | Lost mutation: You are partially covered in large bone plates (AC +2, SH +2). [potion of cure mutation]
  3495 | D:4      | Slain by a centaur

Action                   |  1- 3 |  4- 6 || total
-------------------------+-------+-------++-------
Melee: Unarmed           |     8 |       ||     8
       Whip              |    26 |       ||    26
 Cast: Magic Dart        |   118 |   123 ||   241
       Repel Missiles    |     1 |     3 ||     4
       Blink             |       |     1 ||     1
  Use: Potion            |       |     6 ||     6
  Eat: Chunk             |     3 |     3 ||     6
       Pizza             |       |     1 ||     1
